 Dungeon Crawl Stone Soup version 0.31-a0-149-g3fdcc5976a (webtiles) character file.

Game seed: 9973037415479180124

98 night the Gusty (level 4, 0/33 HPs)
             Began as a Draconian Air Elementalist on June 6, 2023.
             Killed from afar by Ijyb (11 damage)
             ... with a puff of flame
             ... on level 3 of the Dungeon on June 7, 2023.
             The game lasted 00:05:03 (2346 turns).

night the Gusty (Draconian Air Elementalist)        Turns: 2346, Time: 00:05:03

Health: 0/33       AC:  6    Str: 10    XL:     4   Next: 44%
Magic:  0/8        EV: 12    Int: 18    God:
Gold:   67         SH:  0    Dex: 11    Spells: 6/9 levels left

rFire   . . .        g - +0 spear
rCold   . . .        (no shield)
rNeg    . . .        (body armour unavailable)
rPois   .            (helmet restricted)
rElec   .            (no cloak)
rCorr   .            (no gloves)
SInv    .            i - +0 pair of boots
Will    .....        (no amulet)
Stlth   ++           (no ring)
HPRegen 0.25/turn    (no ring)
MPRegen 0.11/turn

%: no passive effects
@: no status effects
A: AC +5, unfitting armour, cold-blooded
a: no special abilities


You were on level 3 of the Dungeon.
You visited 1 branch of the dungeon, and saw 3 of its levels.

You collected 67 gold pieces.

Inventory:

Hand Weapons
 g - a +0 spear (weapon)
Missiles
 c - 38 stones
 f - 6 boomerangs
Armour
 i - a +0 pair of boots (worn)
Wands
 e - a wand of light (11)
Scrolls
 b - 2 scrolls of enchant armour {unknown}
 d - a scroll of teleportation {unknown}
 h - a scroll of magic mapping {unknown}
 j - a scroll of amnesia {unknown}
 m - a scroll of vulnerability {unknown}
Potions
 a - a potion of cancellation {unknown}
 k - a potion of enlightenment
 l - 2 potions of berserk rage {unknown}


   Skills:
 - Level 1.7 Dodging
 - Level 1.7 Stealth
 + Level 3.0 Spellcasting
 + Level 2.5 Conjurations
 + Level 3.8 Air Magic


You had 6 spell levels left.
You knew the following spells:

 Your Spells              Type           Power      Damage    Failure   Level
a - Shock                 Conj/Air       56%        1d6       4%          1
b - Static Discharge      Conj/Air       28%        2-4/arc   7%          2

Your spell library contained the following spells:

 Spells                   Type           Power      Damage    Failure   Level
 Swiftness                Air            16%        N/A       10%         3
 Cigotuvi's Dreadful Rot  Necr/Pois/Air  14%        N/A       14%         2
 Airstrike                Air            8%         2d(2-18)  32%         4
 Ozocubu's Armour         Ice            2%         N/A       43%         3
 Dispel Undead            Necr           2%         3d7       85%         4
 Death Channel            Necr           1%         N/A       100%        6
 Ozocubu's Refrigeration  Ice            1%         4d7       100%        7


Dungeon Overview and Level Annotations

Branches:
Dungeon (3/15)

Altars:

Annotations:
D:3 Ijyb


Innate Abilities, Weirdness & Mutations

Your plain brown scales are hard. (AC +5)
You cannot fit into any form of body armour.
You are cold-blooded and may be slowed by cold attacks.


Message History

Confirm with . or Enter, or press ? or * to list all spells.
The goblin is struck by an arc of lightning.
You kill the goblin!
The hobgoblin is struck by an arc of lightning.
You kill the hobgoblin!
The lightning grounds out.
Unknown command.
Casting: Static Discharge (safe; 7% risk of failure)
Confirm with . or Enter, or press ? or * to list all spells.
Aiming: Shock (safe; 4% risk of failure)
Press: ? - help, Shift-Dir - straight line, f - Ijyb
Aim: Ijyb, wielding a +0 dagger, wearing a +0 ring mail and carrying a wand of flame (20) (68% to hit)
The zap hits Ijyb.
Ijyb is lightly wounded.
Ijyb hits you with a +0 dagger.
Casting: Shock (safe; 4% risk of failure)
Confirm with . or Enter, or press ? or * to list all spells.
Aiming: Shock (safe; 4% risk of failure)
Press: ? - help, Shift-Dir - straight line, f/p - Ijyb
Aim: Ijyb, wielding a +0 dagger, wearing a +0 ring mail and carrying a wand of flame (20) (lightly wounded, 68% to hit)
The zap hits Ijyb but does no damage.
Ijyb is lightly wounded.
Ijyb closely misses you.
Casting: Shock (safe; 4% risk of failure)
Confirm with . or Enter, or press ? or * to list all spells.
Aiming: Shock (safe; 4% risk of failure)
Press: ? - help, Shift-Dir - straight line, f/p - Ijyb
Aim: Ijyb, wielding a +0 dagger, wearing a +0 ring mail and carrying a wand of flame (20) (lightly wounded, 68% to hit)
The zap hits Ijyb.
Ijyb is moderately wounded.
Ijyb zaps a wand.
The puff of flame hits you!
Casting: Shock (safe; 4% risk of failure)
Confirm with . or Enter, or press ? or * to list all spells.
Aiming: Shock (safe; 4% risk of failure)
Press: ? - help, Shift-Dir - straight line, f/p - Ijyb
Aim: Ijyb, wielding a +0 dagger, wearing a +0 ring mail and carrying a wand of flame (19) (moderately wounded, 68% to hit)
The zap hits Ijyb.
Ijyb is moderately wounded.
Ijyb zaps a wand.
The puff of flame hits you!
You die...

###########
#..†)......
#..@g......
#...#......
#...#########
#............
#............
##'##.....##+
#..≈≈ ##
#...#.....#
#..≈≈# ..
#...#)....#
#..≈≈# #.##
#...#..)..#
#.)≈≈###.##


You could see Ijyb.

Vanquished Creatures
  Robin (D:1)
  An adder (D:2)
  A worm (D:2)
  A dart slug (D:1)
  3 endoplasms
  A giant cockroach (D:1)
  17 goblins
  7 hobgoblins
  8 jackals
  3 quokkas (D:1)
  5 ball pythons
  2 bats (D:1)
  3 frilled lizards (D:2)
  8 kobolds
  5 rats
66 creatures vanquished.

Notes
Turn   | Place    | Note
-------+----------+-------------------------------------------
     0 | D:1      | night the Draconian Air Elementalist began the quest for
                  | the Orb.
     0 | D:1      | Reached XP level 1. HP: 14/14 MP: 3/3
   217 | D:1      | Reached XP level 2. HP: 20/20 MP: 0/5
   283 | D:1      | Learned a level 2 spell: Static Discharge
   749 | D:2      | Noticed Robin
   758 | D:1      | Reached XP level 3. HP: 12/26 MP: 1/6
   761 | D:1      | HP: 2/26 [goblin/+0 dagger[Robin] (2)]
   769 | D:1      | HP: 3/26 [goblin/+0 dagger[Robin] (1)]
   775 | D:1      | HP: 3/26 [quokka (2)]
   780 | D:1      | HP: 1/26 [quokka (2)]
   889 | D:2      | Reached skill level 2 in Conjurations
   891 | D:1      | Upgraded the game from 0.31-a0-145-g046c7d2549 to
                  | 0.31-a0-149-g3fdcc5976a
   915 | D:1      | Killed Robin
  1412 | D:2      | Reached XP level 4. HP: 29/33 MP: 4/8
  2334 | D:3      | Noticed Ijyb
  2346 | D:3      | Killed from afar by Ijyb

Illustrated notes

Levels and vault maps discovered:
D:1:      heliophobic_arrival_henge, layout_rooms
D:2:      layout_basic, minmay_fountain_box, uniq_robin
D:3:      kennysheep_goblin_castle, layout_basic,
          mainiacjoe_overflow_tiny_flanked,
          hellmonk_ecumenical_altar_arch_garden, uniq_natasha, uniq_terence

Skill      XL: |  1  2  3  4 |
---------------+-------------+-----
Conjurations   | 2 |  2.5
Spellcasting   | 3 |  3.0
Dodging        | |  1.7
Stealth        | |  1.7
Air Magic      | |  3.8

Action                     |  1- 3 |  4- 6 || total
---------------------------+-------+-------++-------
  Melee: Unarmed           |    15 |       ||    15
         Tailslap          |    11 |       ||    11
         Punch             |     3 |       ||     3
         Spear             |    55 |     6 ||    61
   Cast: Shock             |    44 |    33 ||    77
         Static Discharge  |    10 |     2 ||    12
    Use: Potion            |     4 |       ||     4
 Armour: Skin              |    47 |     5 ||    52
  Dodge: Dodged            |   108 |    13 ||   121

Table legend: (Time is in decaauts)
 A = Elapsed time spent in this place.
 B = Non-inter-level travel time spent in this place.
 C = Inter-level travel time spent in this place.
 D = Time resting spent in this place.
 E = Time spent auto-exploring this place.
 F = Levels seen in this place.
 G = Mean time per level.
                   A        B        C        D        E       F      G
               +--------+--------+--------+--------+--------+-----+--------+
         Total |   2354 |   2318 |     36 |    277 |   1679 |   3 |  784.7 |
       Dungeon |   2354 |   2318 |     36 |    277 |   1679 |   3 |  784.7 |
               +--------+--------+--------+--------+--------+-----+--------+

Top non-repeatable levels by time:
     D:1: 1078 daAuts
     D:2: 961 daAuts
     D:3: 314 daAuts
